 Dungeon Crawl Stone Soup version 0.19-a0-1670-gc28a5d9 (webtiles) character file.

1659 st0uf the Changer (level 8, -1/67 HPs)
             Began as a Red Draconian Transmuter on Sept 21, 2016.
             Slain by st0uf's ghost (5 damage)
             ... on level 6 of the Dungeon.
             The game lasted 00:31:10 (6677 turns).

st0uf the Changer (Red Draconian Transmuter)        Turns: 6677, Time: 00:31:11

Health: -1/67      AC:  8    Str:  9    XL:     8   Next: 68%
Magic:  15/16      EV: 14    Int: 20    God:
Gold:   220        SH:  0    Dex: 12    Spells: 4 memorised, 7 levels left

rFire  + . .     SeeInvis .       - Unarmed
rCold  . . .     Gourm    .     (armour unavailable)
rNeg   . . .     Faith    .     (no shield)
rPois  .         Spirit   .     l - +1 hat
rElec  .         Dismiss  .     g - +0 cloak
rCorr  .         Reflect  .     (no gloves)
MR     .....     Harm     .     (no boots)
Stlth  +.........               (no amulet)
                                B - -3 ring of strength (curse)
                                u - +4 ring of intelligence

@: short of breath, drained
A: breathe fire, unfitting armour, fire resistance 1, cold-blooded, AC +6
a: Breathe Fire


You were on level 6 of the Dungeon.
You were very hungry.

You visited 1 branch of the dungeon, and saw 6 of its levels.

You collected 220 gold pieces.

Inventory:

Missiles
 a - 30 arrows
Armour
 g - a +0 cloak (worn)
 l - a +1 hat (worn)
Jewellery
 u - a +4 ring of intelligence (left hand)
 x - an uncursed ring of positive energy
 B - a cursed -3 ring of strength (right hand)
Wands
 y - a wand of flame (28/48)
Scrolls
 e - a scroll of fog {unknown}
 f - 6 scrolls of identify {unknown}
 j - 6 scrolls of enchant weapon {unknown}
 m - 4 scrolls of teleportation {unknown}
 q - 4 scrolls of fear {unknown}
 r - a scroll of random uselessness {unknown}
 s - 2 scrolls of enchant armour {unknown}
 v - a scroll of amnesia {unknown}
Potions
 d - 3 potions of haste {unknown}
 h - 2 potions of brilliance {unknown}
 i - 2 potions of degeneration {unknown}
 n - 4 potions of curing {unknown}
 o - a potion of cancellation {unknown}
 p - a potion of resistance {unknown}
 t - 2 potions of lignification {unknown}
 w - 2 potions of ambrosia {unknown}
 A - a potion of agility {unknown}
Books
 b - a book of Changes

   Spells                             Type                      Level
   a - Beastly Appendage              Transmutation                1
   b - Sticks to Snakes               Transmutation                2
   c - Spider Form                    Transmutation/Poison         3
   d - Ice Form                       Ice/Transmutation            4
   e - Blade Hands                    Transmutation                5
Comestibles
 c - 4 bread rations
 k - 2 beef jerkies


   Skills:
 + Level 4.4(4.3) Fighting
 + Level 4.2(4.1) Dodging
 + Level 5.2(5.1) Unarmed Combat
 * Level 5.7(5.6) Spellcasting
 * Level 6.0(5.9) Transmutations


You had 7 spell levels left.
You knew the following spells:

 Your Spells              Type           Power        Failure   Level  Hunger
a - Beastly Appendage     Tmut           ####..       1%          1    None
b - Sticks to Snakes      Tmut           ####....     1%          2    None
c - Spider Form           Tmut/Pois      ###.......   12%         3    ##.....
d - Blade Hands           Tmut           ####......   30%         5    #####..


Dungeon Overview and Level Annotations

Branches:
Dungeon (6/15)
 Temple: D:4-7

Altars:
Ashenzari
Sif Muna
Yredelemnul

Annotations:
D:6 st0uf's ghost, novice DrTm


Innate Abilities, Weirdness & Mutations

You can breathe blasts of fire.
Your fiery red scales are hard. (AC +6)
Your body does not fit into most forms of armour.
Your flesh is heat resistant. (rF+)
You are cold-blooded and may be slowed by cold attacks.


Message History

Your ball python misses st0uf's ghost.
You hit st0uf's ghost but do no damage.
Your tail-slap misses st0uf's ghost.
St0uf's ghost is heavily damaged.
Your ball python barely misses st0uf's ghost.
St0uf's ghost hits you.
* * * LOW HITPOINT WARNING * * *
Your ball python bites st0uf's ghost but does no damage.
Unknown command.
You hit st0uf's ghost but do no damage. Your punch misses st0uf's ghost.
St0uf's ghost is heavily damaged.
Your ball python barely misses st0uf's ghost.
Your ball python bites st0uf's ghost but does no damage.
St0uf's ghost hits you!
* * * LOW HITPOINT WARNING * * *
Unknown command.
You swap places.
Your ball python misses st0uf's ghost.
Your ball python barely misses st0uf's ghost.
St0uf's ghost whispers, "They're coming for you..."
St0uf's ghost hits you.
You die...

.......)).................#.##...
.....#..................###...###
#####..................## #...
##................### ..
###.................## .
................##..########..
....###..#########............
...## #### ##............# ...##
##@..........# ...(#
#.SW#......### ##..##
#.S######### ##..## #..# # ##..##
##.# ## ##..# #.# .# ##.# ### ##
#.## ##.##


You could see st0uf's ghost and 2 friendly ball pythons.

Vanquished Creatures
  Eustachio (D:5)
  Duvessa (D:5)
  An ice beast (D:5)
  A sky beast (D:3)
  A phantom (D:6)
  An ogre (D:5)
  A big kobold (D:4)
  A water moccasin zombie (D:6)
  Dowan (D:5)
  2 scorpions
  5 wights (D:6)
  2 crimson imps
  2 orc priests (D:4)
  A bullfrog skeleton (D:4)
  2 hounds
  A centaur skeleton (D:5)
  An iguana (D:4)
  A worker ant (D:4)
  A howler monkey skeleton (D:4)
  10 gnolls
  6 adders
  A shadow imp (D:6)
  2 adder skeletons
  3 worms
  3 dart slugs
  4 leopard geckos
  5 orcs
  5 bats
  9 giant cockroaches
  6 hobgoblins
  20 jackals
  8 kobolds
  A quokka (D:3)
  2 ball pythons
  3 frilled lizards
  6 goblins
  A leopard gecko zombie (D:5)
  7 rats
129 creatures vanquished.

Vanquished Creatures (collateral kills)
  2 adders
  A gnoll (D:4)
  A worm (D:2)
4 creatures vanquished.

Grand Total: 133 creatures vanquished

Notes
Turn   | Place    | Note
-------+----------+-------------------------------------------
     0 | D:1      | st0uf the Draconian Transmuter began the quest for the Orb.
     0 | D:1      | Reached XP level 1. HP: 16/16 MP: 3/3
   536 | D:1      | Reached XP level 2. HP: 6/23 MP: 3/5
  1109 | D:1      | Reached XP level 3. HP: 20/28 MP: 6/6
  1113 | D:1      | Learned a level 2 spell: Sticks to Snakes
  1117 | D:1      | Learned a level 3 spell: Spider Form
  1325 | D:2      | Found a basalt altar of Yredelemnul.
  2078 | D:3      | Noticed a sky beast
  2123 | D:3      | Reached XP level 4. HP: 35/35 MP: 8/8
  2323 | D:3      | Killed a sky beast
  2323 | D:3      | Reached skill level 3 in Transmutations
  2323 | D:3      | Reached XP level 5. HP: 41/41 MP: 5/9
  3067 | D:3      | Found a deep blue altar of Sif Muna.
  3246 | D:4      | Reached XP level 6. HP: 49/49 MP: 5/11
  3253 | D:4      | Learned a level 5 spell: Blade Hands
  3358 | D:4      | HP: 1/50 [gnoll (3)]
  3901 | D:4      | Reached skill level 4 in Transmutations
  4169 | D:4      | Your scales start taking on a fiery red colour.
  4169 | D:4      | Reached XP level 7. HP: 52/57 MP: 9/13
  4169 | D:4      | Gained mutation: Your flesh is heat resistant. (rF+) [Red Draconian growth]
  4188 | D:4      | Found a shattered altar of Ashenzari.
  4529 | D:5      | Entered Level 5 of the Dungeon
  4628 | D:5      | Noticed Duvessa
  4628 | D:5      | Noticed Dowan
  4640 | D:5      | Killed Dowan
  4645 | D:5      | Killed Duvessa
  4662 | D:5      | Noticed Eustachio
  4689 | D:5      | Killed Eustachio
  4689 | D:5      | Reached skill level 5 in Transmutations
  5122 | D:5      | Reached skill level 5 in Spellcasting
  5122 | D:5      | Reached XP level 8. HP: 66/66 MP: 10/15
  5691 | D:6      | Reached skill level 5 in Unarmed Combat
  5748 | D:6      | Noticed st0uf's ghost (novice DrTm)
  6240 | D:6      | Reached skill level 6 in Transmutations
  6677 | D:6      | Slain by st0uf's ghost

Vault maps used:
D:1:      nagdon_arrival_double_spiral
D:2:      yredelemnul_altar_generic
D:3:      lemuel_round_altar
D:4:      first_bread, cheibrodos_ashenzari_chains
D:5:      uniq_duvessa, uniq_eustachio
D:6:      nicolae_whirlpool, grunt_decor_arrowhead

Skill      XL: |  1  2  3  4  5  6  7  8 |
---------------+-------------------------+-----
Dodging        | 2 3 4 |  4.2
Spellcasting   | 3 4 5 |  5.7
Transmutations | 3 4 5 6 |  6.0
Fighting       | 2 3 4 |  4.4
Unarmed Combat | 4 5 |  5.2

Action                   |  1- 3 |  4- 6 |  7- 9 || total
-------------------------+-------+-------+-------++-------
Melee: Unarmed           |   175 |   157 |   195 ||   527
       Kick              |    22 |     2 |     3 ||    27
       Tailslap          |    13 |     1 |     8 ||    22
       Headbutt          |     2 |       |       ||     2
       Punch             |       |       |     1 ||     1
 Cast: Beastly Appendage |    23 |     3 |     2 ||    28
       Sticks to Snakes  |     2 |     7 |     1 ||    10
       Spider Form       |     1 |    25 |    22 ||    48
 Abil: Breathe Fire      |       |       |     8 ||     8
  Use: Scroll            |     1 |       |       ||     1
  Eat: Chunk             |     5 |    10 |     9 ||    24
Armor: Skin              |    47 |    14 |    31 ||    92
Dodge: Dodged            |   112 |   163 |   149 ||   424
